 Dungeon Crawl Stone Soup version 0.21.0-3-g78d12a8 (webtiles) character file.

28 Dfrag the Firebug (level 3, 17/24 HPs)
             Began as a Demonspawn Fire Elementalist on Jan 11, 2018.
             Quit the game on level 1 of the Dungeon.
             The game lasted 00:01:30 (396 turns).

Dfrag the Firebug (Demonspawn Fire Elementalist)     Turns: 396, Time: 00:01:31

Health: 17/24      AC:  2    Str:  8    XL:     3   Next: 0%
Magic:  2/6        EV: 12    Int: 17    God:
Gold:   9          SH:  0    Dex: 13    Spells: 5/6 levels left

rFire    . . .     SeeInvis .   d - +0 mace
rCold    . . .     Gourm    .   (no shield)
rNeg     . . .     Faith    .   a - +0 robe
rPois    .         Spirit   .   (helmet restricted)
rElec    .         Reflect  .   (no cloak)
rCorr    .         Harm     .   (no gloves)
MR       .....                  (no boots)
Stlth    +++.......             (no amulet)
HPRegen  0.08/turn              (no ring)
MPRegen  0.10/turn              (no ring)

@: no status effects
A: antennae 1, nightstalker 1
a: no special abilities


You were on level 1 of the Dungeon.
You were not hungry.

You visited 1 branch of the dungeon, and saw 1 of its levels.

You collected 9 gold pieces.

Inventory:

Hand Weapons
 d - a +0 mace (weapon)
Armour
 a - a +0 robe (worn)
Scrolls
 e - 3 scrolls of teleportation {unknown}
 h - a scroll of blinking {unknown}
 k - a scroll of remove curse {unknown}
Potions
 f - a potion of heal wounds {unknown}
 g - a potion of curing {unknown}
 j - a potion of lignification {unknown}
Books
 b - a book of Flames

   Spells                             Type                      Level
   a - Flame Tongue                   Conjuration/Fire             1
   b - Throw Flame                    Conjuration/Fire             2
   c - Conjure Flame                  Conjuration/Fire             3
   d - Inner Flame                    Hexes/Fire                   3
   e - Sticky Flame                   Conjuration/Fire             4
   f - Fireball                       Conjuration/Fire             5
Comestibles
 c - 3 rations
 i - 2 chunks of flesh


   Skills:
 - Level 1.7 Dodging
 - Level 1.7 Stealth
 + Level 2.4 Spellcasting
 + Level 1.9 Conjurations
 + Level 3.1 Fire Magic


You had 5 spell levels left.
You knew the following spells:

 Your Spells              Type           Power        Failure   Level  Hunger
a - Flame Tongue          Conj/Fire      ##...        7%          1    #......


Dungeon Overview and Level Annotations

Branches:
Dungeon (1/15)

Altars:


Innate Abilities, Weirdness & Mutations

You have a pair of small antennae on your head.
You are slightly more attuned to the shadows.


Message History

Press: ? - help, Shift-Dir - straight line, f/p - hobgoblin
Aim: a hobgoblin (heavily wounded)
The flame tongue hits the hobgoblin.
You kill the hobgoblin!
You have reached level 3!
Your experience leads to an increase in your attributes!
Increase (S)trength, (I)ntelligence, or (D)exterity?
You feel clever.
Your demonic ancestry asserts itself...
You slip into the darkness of the dungeon.
You now have 9 gold pieces.
There is a stone staircase leading down here.
k - a scroll labeled REBUTU VODU A kobold comes into view.
It is wielding a dagger.
The kobold shouts!
You hear a shout!
A kobold is nearby!
Are you sure you want to abandon this character and quit the game? (Confirm with "yes".)
Okay, then.
Unknown command.
Unknown command.
Are you sure you want to abandon this character and quit the game? (Confirm with "yes".)

.##.##.#.#.....#.#...##.####
.##.##†#.#.#####.#........
..#.##.#.#.#.....###.##.###
#.#.##.#.#....#..# #......
....##.#......#..######.#.
#.####....((..#.........#
#.####.########.####...
#................# ..
#....#.########.@###....
#....#.# #......K..
#....#.## #.#####...
##......# #.. ##...#..# #..
##...#..# #.
##.#.#..#######.
...#.#..........
.......#########


You could see a kobold.

Vanquished Creatures
  An ooze (D:1)
  2 dart slugs (D:1)
  A ball python (D:1)
  A bat (D:1)
  A giant cockroach (D:1)
  2 goblins (D:1)
  3 hobgoblins (D:1)
  3 frilled lizards (D:1)
  3 kobolds (D:1)
  3 rats (D:1)
20 creatures vanquished.

Notes
Turn   | Place    | Note
-------+----------+-------------------------------------------
     0 | D:1      | Dfrag the Demonspawn Fire Elementalist began the quest for the Orb.
     0 | D:1      | Reached XP level 1. HP: 13/13 MP: 3/3
   136 | D:1      | Gained mutation: You have a pair of small antennae on your head. [demonic ancestry]
   136 | D:1      | Reached XP level 2. HP: 3/19 MP: 1/5
   247 | D:1      | Reached skill level 3 in Fire Magic
   370 | D:1      | Gained mutation: You are slightly more attuned to the shadows. [demonic ancestry]
   370 | D:1      | Reached XP level 3. HP: 15/24 MP: 0/6
   396 | D:1      | Quit the game

Skill      XL: |  1  2 |
---------------+-------+-----
Fire Magic     | 3 |  3.1
Dodging        | |  1.7
Stealth        | |  1.7
Spellcasting   | |  2.4
Conjurations   | |  1.9

Action                   || total
-------------------------++-------
Melee: Mace              ||    13
 Cast: Flame Tongue      ||    27
 Stab: Sleeping          ||     2
Armor: Robe              ||     4
Dodge: Dodged            ||    17
